 Dungeon Crawl Stone Soup version 0.27-a0-1196-g3e9cee4cb2 (webtiles) character file.

Game seed: 2717951618615306420

53 robertstho the Covered (level 3, -1/24 HPs)
             Began as a Gargoyle Fighter on May 27, 2021.
             Slain by a worm (3 damage)
             ... on level 2 of the Dungeon.
             The game lasted 00:01:37 (1267 turns).

robertstho the Covered (Gargoyle Fighter)           Turns: 1267, Time: 00:01:38

Health: -1/24      AC: 12    Str: 20    XL:     3   Next: 89%
Magic:  3/3        EV:  7    Int:  8    God:
Gold:   46         SH:  9    Dex:  9    Spells: 2/2 levels left

rFire    . . .     SeeInvis .   a - +0 flail
rCold    . . .     Faith    .   c - +0 kite shield
rNeg     + . .     Spirit   .   b - +0 scale mail
rPois    ∞         Reflect  .   g - +0 helmet
rElec    +         Harm     .   (no cloak)
rCorr    .         Rampage  .   (no gloves)
Will     .....                  i - +0 pair of boots
Stlth    ..........             (no amulet)
HPRegen  0.08/turn              (no ring)
MPRegen  0.08/turn              (no ring)

@: no status effects
A: sickness immunity, AC +3, negative energy resistance 1, electricity
resistance, torment resistance 1, petrification resistance
a: no special abilities


You were on level 2 of the Dungeon.
You visited 1 branch of the dungeon, and saw 2 of its levels.

You collected 46 gold pieces.

Inventory:

Hand Weapons
 a - a +0 flail (weapon)
Armour
 b - a +0 scale mail (worn)
 c - a +0 kite shield (worn)
 g - a +0 helmet (worn)
 i - a +0 pair of boots (worn)
Scrolls
 d - a scroll of identify {unknown}
 e - 2 scrolls of amnesia {unknown}
 j - a scroll of teleportation {unknown}
Potions
 f - a potion of haste
 h - a potion of brilliance {unknown}


   Skills:
 * Level 3.7 Fighting
 + Level 2.5 Maces & Flails
 * Level 4.0 Armour
 + Level 3.7 Shields


You had 2 spell levels left.
You didn't know any spells.
Your spell library was empty.

Dungeon Overview and Level Annotations

Branches:
Dungeon (2/15)

Altars:

Shops:
D:2 [


Innate Abilities, Weirdness & Mutations

You are immune to sickness and miasma.
Your stone body is resilient. (AC +3)
You are immune to poison.
You resist negative energy. (rN+)
You are resistant to electric shocks. (rElec)
You are resistant to unholy torment.
You are immune to petrification.


Message History

Your shield and scale mail prevent you from hitting the worm.
The endoplasm hits you but does no damage.
You block the endoplasm's attack.
You hit the worm.
The worm is moderately wounded.
The worm bites you but does no damage.
The endoplasm hits you but does no damage.
You hit the worm but do no damage.
The worm is lightly wounded.
The endoplasm hits you but does no damage.
The worm bites you. The endoplasm hits you.
You hit the worm.
The worm is heavily wounded.
You block the endoplasm's attack. The worm bites you.
You are too injured to fight recklessly!
You are too injured to fight recklessly!
You are too injured to fight recklessly!
You are too injured to fight recklessly!
You are too injured to fight recklessly!
The endoplasm freezes you.
You are frozen.
* * * LOW HITPOINT WARNING * * *
You hit the endoplasm.
The endoplasm is severely wounded.
The endoplasm freezes you.
You are frozen.
* * * LOW HITPOINT WARNING * * *
The endoplasm hits you.
* * * LOW HITPOINT WARNING * * *
You hit the endoplasm but do no damage.
The endoplasm is heavily wounded.
The endoplasm freezes you.
You are frozen.
* * * LOW HITPOINT WARNING * * *
You thump the endoplasm!
You kill the endoplasm!
You completely miss the worm.
The worm is lightly wounded.
The worm bites you.
You die...

... .. .... ..
...# #. ....# ..
#. ....# ...
#.##...#.... .
#..#...#.... ...
#.@8.∩.<.8..
...###.#w........
...............(.
.................
.................
#.#.#......)#.....
#.#.####..........
#......#..........
.......#..........


You could see a worm.

Vanquished Creatures
  4 dart slugs
  3 ball pythons
  3 endoplasms
  3 giant cockroaches (D:1)
  2 goblins (D:1)
  2 hobgoblins (D:1)
  10 jackals (D:1)
  3 kobolds
  A quokka (D:1)
  4 bats (D:1)
  2 frilled lizards (D:1)
  4 rats (D:1)
41 creatures vanquished.

Notes
Turn   | Place    | Note
-------+----------+-------------------------------------------
     0 | D:1      | robertstho the Gargoyle Fighter began the quest for the
                  | Orb.
     0 | D:1      | Reached XP level 1. HP: 14/14 MP: 1/1
    82 | D:1      | Reached XP level 2. HP: 17/19 MP: 2/2
   323 | D:1      | Reached XP level 3. HP: 10/23 MP: 3/3
  1089 | D:1      | Reached skill level 4 in Armour
  1247 | D:2      | Found Uhuit's Antique Armour Shoppe.
  1267 | D:2      | Slain by a worm

Illustrated notes

Levels and vault maps discovered:
D:1:      kennysheep_arrival_seaside, layout_rooms, nrook_loot_triangle
D:2:      minmay_kobold_bridge, layout_basic, basic_altar, serial_shops,
          shop_statue, shop_fountains, nicolae_shop_statue_plus, shop_fountains,
          shop, uniq_sigmund

Skill      XL: |  1  2  3 |
---------------+----------+-----
Armour         | 4 |  4.0
Fighting       | |  3.7
Maces & Flails | |  2.5
Shields        | |  3.7

Action                   || total
-------------------------++-------
Melee: Flail             ||   147
  Use: Potion            ||     2
Armor: Scale mail        ||   136
Dodge: Dodged            ||    81
Block: Kite shield       ||   119

Table legend: (Time is in decaauts)
 A = Elapsed time spent in this place.
 B = Non-inter-level travel time spent in this place.
 C = Inter-level travel time spent in this place.
 D = Time resting spent in this place.
 E = Time spent auto-exploring this place.
 F = Levels seen in this place.
 G = Mean time per level.
                   A        B        C        D        E       F      G
               +--------+--------+--------+--------+--------+-----+--------+
         Total |   1326 |   1280 |     46 |      0 |    946 |   2 |  663.0 |
       Dungeon |   1326 |   1280 |     46 |      0 |    946 |   2 |  663.0 |
               +--------+--------+--------+--------+--------+-----+--------+

Top non-repeatable levels by time:
     D:1: 1294 daAuts
     D:2: 32 daAuts
